 Dungeon Sprint DCSS version 0.30.1-1-g62c8e00024 (webtiles) character file.

Game seed: 3160837553069295377

907 Groucho the Contemplative (level 8, -3/81 HPs)
             Began as a Naga Gladiator on July 15, 2023.
             Was a Priest of Cheibriados.
             Slain by a skyshark (shapeshifter) (6 damage)
             ... in the Dungeon (Sprint IX: "|||||||||||||||||||||||||||||").
             The game lasted 00:02:40 (1501 turns).

Groucho the Contemplative (Naga Gladiator)          Turns: 1501, Time: 00:02:40

Health: -3/81      AC: 11    Str: 29    XL:     8   Next: 8%
Magic:  14/14      EV: 13    Int: 16    God:    Cheibriados [***...]
Gold:   0          SH:  0    Dex: 19    Spells: 7/7 levels left

rFire   . . .        g - +0 shortbow
rCold   . . .        (shield currently unavailable)
rNeg    . . .        n - +1 chain mail
rPois   +            c - +0 helmet
rElec   .            (no cloak)
rCorr   .            (no gloves)
SInv    +            (no barding)
Will    +....        (no amulet) Stlth
                     b - +3 ring of strength
HPRegen 0.33/turn    o - +2 ring of evasion
MPRegen 0.14/turn

%: no teleportation
@: very slow
A: AC +2, large, see invisible, deformed body, poison resistance, slowness 2,
spit poison 1, naga tail 1
a: Spit Poison, Renounce Religion, Bend Time, Temporal Distortion


You were in the Dungeon.
You worshipped Cheibriados.
Cheibriados was most pleased with you.
You visited 1 branch

Inventory:

Hand Weapons
 a - a +0 trident
 g - a +0 shortbow (weapon)
Missiles
 d - 3 throwing nets
 e - a javelin
Armour
 c - a +0 helmet (worn)
 n - a +1 chain mail (worn)
Jewellery
 b - a +3 ring of strength (left hand)
 o - a +2 ring of evasion (right hand)
Wands
 m - a wand of acid (10)
Scrolls
 k - a scroll of blinking
 l - 2 scrolls of amnesia
Potions
 f - 2 potions of curing
 h - a potion of haste
 i - 4 potions of magic


   Skills:
 + Level 8.0 Fighting
 + Level 8.3 Polearms
 - Level 1.7 Throwing
 + Level 6.3 Armour
 + Level 6.9 Dodging
 + Level 8.4 Invocations


You had 7 spell levels left.
You didn't know any spells.
Your spell library was empty.

Dungeon Overview and Level Annotations

Branches:
Dungeon (1/1)

Altars:
Cheibriados
Dithmenos
Elyvilon
Fedhas
Gozag
Hepliaklqana
Kikubaaqudgha
Makhleb
Nemelex Xobeh
Okawaru
Qazlal
Ru
Sif Muna
Trog
Uskayaw
Vehumet
Wu Jian
Xom
Yredelemnul
Zin
The Shining One
Jiyva
Lugonu


Innate Abilities, Weirdness & Mutations

Your serpentine skin is tough. (AC +2)
You have supernaturally acute eyesight. (SInv)
Armour fits poorly on your strangely shaped body.
Your system is resistant to poisons. (rPois)
You cover ground very slowly.
You can spit poison.
You have a snake-like lower body.


Message History

Unknown command.
Unknown command.
Unknown command.
Okay, then.
You barely miss the redback.
The redback is heavily wounded.
* * * LOW HITPOINT WARNING * * *
You feel extremely sick.
The redback bites you but does no damage.
Unknown command.
Unknown command.
You feel better.
The redback changes into a skyshark!
Unknown command.
Unknown command.
Blink to where?
Press: ? - help, Dir - move target
As you read the scroll of blinking, it crumbles to dust.
g - a +0 shortbow
g - a +0 shortbow (weapon)
You are too injured to fight recklessly!
Unknown command.
Fire: g) +0 shortbow
Press: ? - help, Q - select action, (/) - cycle Shift-Dir - straight line, f - skyshark
Aim: a skyshark shaped shifter (72% to hit)
You shoot an arrow.
The arrow hits the skyshark but does no damage.
Unknown command.
Unknown command.
Fire: g) +0 shortbow
Press: ? - help, Q - select action, (/) - cycle Shift-Dir - straight line, f/p - skyshark
Aim: a skyshark shaped shifter (72% to hit)
You shoot an arrow. The arrow hits the skyshark!
The skyshark is lightly wounded.
The skyshark bites you.
* * * LOW HITPOINT WARNING * * *
The skyshark tastes blood and grows stronger!
The skyshark tail-slaps you!
* * * LOW HITPOINT WARNING * * *
The skyshark tail-slaps you.
You die... ▓▓▓▓▓▓▓▓▓▓▓▓▓▓▓▓▓▓▓▓▓▓▓▓▓▓▓▓▓ ..Vc.Vcx.H.l@'..[[[.)..'_____ ▓▓▓▓▓▓▓▓▓▓▓▓▓▓▓▓▓▓▓▓▓▓▓▓▓▓▓▓▓

You could see a skyshark shaped shifter (strong), a centaur warrior, a manticore, an unseen horror (invisible) and a vampire.

Vanquished Creatures
  An unseen horror (D)
  A shadow (D)
  A vampire mosquito (D)
  A centaur (D)
  A scorpion (D)
  A killer bee (D)
  A howler monkey (D)
  An iguana (D)
  A sleepcap (D)
  An adder (D)
  A white imp (D)
  A dart slug (D)
  A giant cockroach (D)
  A ball python (D)
  A frilled lizard (D)
  A kobold (D)
16 creatures vanquished.

Vanquished Creatures (others)
  A wraith (D)
1 creature vanquished.

Grand Total: 17 creatures vanquished

Notes
Turn   | Place    | Note
-------+----------+-------------------------------------------
     0 | D        | Groucho the Naga Gladiator began the quest for the Orb.
     0 | D        | Reached XP level 1. HP: 19/19 MP: 1/1
    13 | D        | Reached skill level 1 in Invocations
    20 | D        | Reached skill level 1 in Armour
   392 | D        | Noticed a scorpion
   392 | D        | Noticed an iguana
   392 | D        | Noticed a sleepcap
   399 | D        | Killed a sleepcap
   400 | D        | Reached XP level 2. HP: 28/28 MP: 4/4
   400 | D        | Reached XP level 3. HP: 34/34 MP: 5/5
   403 | D        | Reached XP level 4. HP: 40/44 MP: 6/6
   410 | D        | Killed a scorpion
   411 | D        | Reached skill level 5 in Polearms
   411 | D        | Reached XP level 5. HP: 40/51 MP: 6/8
   794 | D        | Found a snail-covered altar of Cheibriados.
   794 | D        | Found a shadowy altar of Dithmenos.
   794 | D        | Found a white marble altar of Elyvilon.
   794 | D        | Found a blossoming altar of Fedhas.
   794 | D        | Found an opulent altar of Gozag.
   795 | D        | Found a hazy altar of Hepliaklqana.
   796 | D        | Found a viscous altar of Jiyva.
   797 | D        | Found an ancient bone altar of Kikubaaqudgha.
   798 | D        | Became a worshipper of Cheibriados the Contemplative
   799 | D        | Found a corrupted altar of Lugonu.
   800 | D        | Found a burning altar of Makhleb.
   801 | D        | Found a sparkling altar of Nemelex Xobeh.
   802 | D        | Found an iron altar of Okawaru.
   803 | D        | Found a stormy altar of Qazlal.
   804 | D        | Found a sacrificial altar of Ru.
   805 | D        | Found a shimmering blue altar of Sif Muna.
   806 | D        | Found a bloodstained altar of Trog.
   807 | D        | Found a hide-covered altar of Uskayaw.
   808 | D        | Found a radiant altar of Vehumet.
   809 | D        | Found an ornate altar of the Wu Jian Council.
   810 | D        | Found a shimmering altar of Xom.
   811 | D        | Found a basalt altar of Yredelemnul.
   812 | D        | Found a glowing silver altar of Zin.
   813 | D        | Found a glowing golden altar of the Shining One.
   851 | D        | Noticed an unseen horror
   851 | D        | Noticed a shadow
   851 | D        | Noticed a centaur
   851 | D        | Noticed a wraith
   861 | D        | Killed a wraith
   862 | D        | Reached skill level 5 in Fighting
   862 | D        | Reached skill level 5 in Invocations
   865 | D        | Killed a centaur
   866 | D        | Reached skill level 5 in Dodging
   866 | D        | Reached XP level 6. HP: 27/62 MP: 8/10
   871 | D        | Reached * piety under Cheibriados
   879 | D        | Reached ** piety under Cheibriados
   893 | D        | Killed a shadow
   894 | D        | Reached skill level 5 in Armour
   894 | D        | Reached XP level 7. HP: 22/72 MP: 10/12
   920 | D        | Killed an unseen horror
   920 | D        | Reached *** piety under Cheibriados
  1479 | D        | Noticed a vampire
  1479 | D        | Noticed a centaur warrior
  1479 | D        | Noticed an unseen horror
  1479 | D        | Noticed a manticore
  1479 | D        | Noticed a vampire mosquito
  1479 | D        | Noticed a redback
  1486 | D        | Killed a vampire mosquito
  1487 | D        | Reached XP level 8. HP: 53/81 MP: 14/14
  1496 | D        | a redback changed into a skyshark
  1496 | D        | Noticed a skyshark (shapeshifter)
  1501 | D        | HP: 3/81 [skyshark (shapeshifter) (10)]
  1501 | D        | Slain by a skyshark (shapeshifter)

Illustrated notes

Levels and vault maps discovered:
D:        linesprint [early_d, line_temple, items_1, d_10, items_2, lair_1,
          lair_end, items_3, orc_1, orc_end, items_4, d_15, swamp_1, shoals_1,
          snake_1, spider_1, d_20, vaults_1, items_5, swamp_end, shoals_end,
          snake_end, spider_end, vaults_end, d_27, items_6, zot_1, zot_end,
          crypt_end, forest_end, elf_end, slime_end, tomb_end, abyss_end,
          pan_hell_end]

Skill      XL: |  1  2  3  4  5  6  7 |
---------------+----------------------+-----
Invocations    | 2 3 4 6 7 8 |  8.4
Armour         | 2 3 4 5 6 |  6.3
Fighting       | 3 4 5 7 8 |  8.0
Polearms       | 4 5 6 7 8 |  8.3
Dodging        | 3 4 5 6 |  6.9
Throwing       | |  1.7

Action                     |  1- 3 |  4- 6 |  7- 9 || total
---------------------------+-------+-------+-------++-------
  Melee: Trident           |    24 |    50 |    33 ||   107
         Punch             |     1 |       |     2 ||     3
   Fire: Shortbow          |       |       |     2 ||     2
    Use: Potion            |     1 |     1 |     6 ||     8
         Scroll            |       |       |     1 ||     1
   Stab: Invisible         |       |     2 |       ||     2
 Armour: Leather armour    |     1 |     1 |       ||     2
         Chain mail        |       |    12 |    16 ||    28
  Dodge: Dodged            |     8 |    41 |    24 ||    73
